 Dungeon Crawl Stone Soup version 0.24.0-1-gfbc8707122 (webtiles) character file.

Game seed: 17691732948665853246, levelgen mode: deterministic

25872 Monsterracer the Cleaver (level 12, -2/112 HPs)
             Began as a Deep Dwarf Fighter on Oct 29, 2019.
             Was the Champion of Makhleb.
             Engulfed by an ice statue's freezing vapour (22 damage)
             ... in an ice cave.
             The game lasted 00:11:55 (11957 turns).

Monsterracer the Cleaver (Deep Dwarf Fighter)      Turns: 11957, Time: 00:11:55

Health: -2/112     AC: 26    Str: 28    XL:     12   Next: 93%
Magic:  0/15       EV: 22    Int: 11    God:    Makhleb [******]
Gold:   761        SH: 13    Dex: 12    Spells: 11/11 levels left

rFire    . . .     SeeInvis .   a - +1 war axe
rCold    . . .     Gourm    .   i - +0 shield
rNeg     . . .     Faith    .   G - +3 plate armour
rPois    .         Spirit   +   r - +0 helmet
rElec    .         Reflect  .   k - scarf {Spirit}
rCorr    .         Harm     .   u - +2 pair of gloves
MR       +....                  o - +2 pair of boots
Stlth    ..........             x - amulet of the acrobat
HPRegen  0.00/turn              l - ring of attention (curse)
MPRegen  0.14/turn              J - +5 ring of strength

@: acrobat, non-regenerating
A: damage resistance, heal wounds, sense surroundings 2, no regeneration
a: Heal Wounds, Minor Destruction, Lesser Servant of Makhleb, Major Destruction,
Greater Servant of Makhleb, Renounce Religion


You were in an ice cave.
You worshipped Makhleb.
Makhleb was exalted by your worship.
You were not hungry.

You visited 3 branches of the dungeon, and saw 15 of its levels.
You also visited: Ice Cave and Volcano.

You collected 761 gold pieces.

Inventory:

Hand Weapons
 a - a +1 war axe (weapon)
 b - a +1 flail of protection
   (You took it off Edmund on level 6 of the Dungeon)
 M - a +0 battleaxe
   (You took it off a gnoll on level 10 of the Dungeon)
Missiles
 K - a throwing net (quivered) {!f}
Armour
 i - a +0 shield (worn)
 k - a scarf of spirit shield (worn)
   (You found it on level 3 of the Dungeon)
 o - a +2 pair of boots (worn)
   (You found it on level 5 of the Dungeon)
 r - a +0 helmet (worn)
   (You found it on level 9 of the Dungeon)
 u - a +2 pair of gloves (worn)
   (You found it on level 3 of the Dungeon)
 G - a +3 plate armour (worn)
   (You took it off an orc warrior on level 9 of the Dungeon)
 P - a +2 chain mail of fire resistance
   (You found it in a volcano)
Jewellery
 l - a cursed ring of attention (left hand)
   (You found it on level 9 of the Dungeon)
 x - an amulet of the acrobat (around neck)
   (You found it on level 2 of the Dungeon)
 y - a +5 ring of intelligence
   (You found it on level 9 of the Dungeon)
 A - an uncursed ring of positive energy
   (You found it on level 7 of the Dungeon)
 F - an uncursed ring of protection from fire
   (You found it on level 2 of the Dungeon)
 J - a +5 ring of strength (right hand)
   (You found it on level 2 of the Dungeon)
 Q - a +4 ring of protection {unknown}
   (You found it on level 3 of the Lair of Beasts)
Wands
 n - a wand of disintegration (27)
   (You found it on level 8 of the Dungeon)
 v - a wand of paralysis (22)
   (You found it on level 4 of the Dungeon)
 H - a wand of polymorph (10)
   (You found it on level 1 of the Lair of Beasts)
 R - a wand of iceblast (7)
   (You found it on level 2 of the Lair of Beasts)
Scrolls
 m - 5 scrolls of magic mapping
 p - 4 scrolls of enchant weapon
 s - a scroll of summoning {!r}
 t - 4 scrolls of teleportation {!r}
 C - a scroll of fear {!r}
 E - a scroll of vulnerability
 I - a scroll of fog
 X - a scroll of blinking
Potions
 d - 4 potions of heal wounds
 e - 8 potions of curing
 g - 3 potions of agility
 h - a potion of haste
 j - 3 potions of might
 q - 3 potions of resistance
 w - 4 potions of lignification
 z - 2 potions of brilliance
 B - 2 potions of invisibility
 D - 4 potions of mutation {!q}
 L - a potion of ambrosia {!q}
 N - a potion of flight
 O - 3 potions of berserk rage {!q}
 S - a potion of magic
Comestibles
 c - 35 rations


   Skills:
 + Level 8.8 Fighting
 * Level 13.8 Axes
 + Level 10.4 Armour
 + Level 10.5 Shields
 + Level 11.4 Invocations


You had 11 spell levels left.
You didn't know any spells.
Your spell library contained the following spells:

 Spells                   Type           Power        Failure   Level  Hunger
 Magic Dart               Conj           #...         99%         1    ##.....
 Searing Ray              Conj           #.....       100%        2    ###....
 Dazzling Spray           Conj/Hex       #.....       100%        3    ####...
 Force Lance              Conj/Tloc      #.......     100%        4    #####..
 Fulminant Prism          Conj/Hex       #.........   100%        4    #####..
 Iskenderun's Mystic Bla  Conj           #.......     100%        4    #####..


Dungeon Overview and Level Annotations

Branches:
Dungeon (10/15)            Temple (0/1) D:4            Lair (4/6) D:10
  Swamp (0/4) Lair:2          Orc (1/2) D:10          IceCv (1/1)
Volcano (visited)
  Snake: Lair:2-4    Spider: Lair:2-4

Altars:
Ashenzari
Elyvilon
Gozag
Makhleb
Sif Muna
Uskayaw

Shops:
D:5 :

Portals:
Trove: D:10 (give +6 demon blade)

Annotations:
Lair:2 2 transporters, Qucvyi Areg's ghost, journeyman DrTm
Lair:3 exclusion: 2 oklob plants IceCv exclusion: 2 ice statues


Innate Abilities, Weirdness & Mutations

You are resistant to damage.
You can heal yourself by infusing magical energy.
You passively map the area around you.
You do not regenerate.


Message History

You block the ufetubus's attack.
You hit the ufetubus.
You kill the ufetubus!
Makhleb accepts your kill.
No target in view!
No target in view!
No target in view! 2 ice statues come into view.
The ice statue gestures. x2
Marking area around 2 ice statues as unsafe for travelling.
You slash the ice statue!
The ice statue is lightly damaged.
You hit the ice beast but do no damage. The ice statue gestures at you.
You hit the ice statue.
The ice statue is lightly damaged.
You slash the ice beast!
You are engulfed in freezing vapours.
You block the ice beast's attack.
The ice statue gestures.
You slice the ice beast!!
You kill the ice beast!
You hit the ice statue. You hit the ice beast.
You are engulfed in freezing vapours.
You hit the ice statue.
The ice statue is moderately damaged.
You slash the ice beast!
You are engulfed in freezing vapours.
The ice beast hits you but does no damage.
You hit the ice statue.
The ice statue is moderately damaged.
You slash the ice beast!
You kill the ice beast!
You slash the ice beast!
You are engulfed in freezing vapours.
The ice beast hits you. The ice beast freezes you!
You slash the ice beast!
The ice beast is almost dead.
You hit the ice statue but do no damage.
The ice beast closely misses you.
You slice the ice beast!!
You kill the ice beast!
You hit the ice statue but do no damage.
The ice statue gestures at you.
You slash the ice statue!
The ice statue is heavily damaged.
You are engulfed in freezing vapours.
The ice statue gestures.
You hit the ice statue but do no damage.
The ice statue is heavily damaged.
You hit the ice beast.
You are engulfed in freezing vapours.
You slice the ice statue!!
The ice statue is severely damaged.
You closely miss the ice beast.
You are engulfed in freezing vapours.
The ice beast hits you but does no damage.
The ice statue gestures.
You hit the ice statue but do no damage.
The ice statue is severely damaged.
You slash the ice beast! You hit the ice beast.
You are engulfed in freezing vapours.
The ice beast hits you but does no damage.
You are too injured to fight recklessly!
You are too injured to fight recklessly!
You are too injured to fight recklessly!
You are too injured to fight recklessly!
What are your orders? t - Shout!
Orders for allies: a - Attack new target. r - Retreat! s - Stop attacking. g - Guard the area. f - Follow me.
Anything else - Cancel.
Okay, then.
You hit the ice statue.
The ice statue is severely damaged.
You hit the ice beast but do no damage. You closely miss the ice beast.
The ice beast barely misses you. You block the ice beast's attack.
The ice statue gestures.
Your plate armour prevents you from hitting the ice statue.
The ice statue is severely damaged.
You hit the ice beast. You completely miss the ice beast.
You barely miss the ice beast.
The ice beast hits you but does no damage.
You block the ice beast's attack.
You hit the ice statue but do no damage.
The ice statue is severely damaged.
You slash the ice beast! You hit the ice beast.
You completely miss the ice beast.
The ice statue gestures.
You block the ice beast's attack. x2
The ice beast hits you but does no damage.
You hit the ice statue but do no damage.
The ice statue is severely damaged.
You hit the ice beast but do no damage. You barely miss the ice beast.
You completely miss the ice beast.
The ice statue glitters chillingly in the dim dungeon light.
The ice statue gestures at you. The freezing blast engulfs you!!
* * * LOW HITPOINT WARNING * * *
You block the ice beast's attack.
The ice beast hits you but does no damage.
Unknown command.
You are engulfed in freezing vapours.
You die...

##...# *
##...#≈ * ,,,
##...## ,
#...## ** , ,
#..## , ,
##..##* *
##..# * * ,
####☼.## *
#8#@☼..#8# * *
#☼§Y○°...Y.
#Y.Y°...§... *
≈
#☼°.......§§.,
,
##.......§§§#
, ........§.##
,, ,
##........## *
* ##...#####
*, ##### * ,


You could see 4 ice beasts.

Vanquished Creatures
  Fannar (D:10)
  Harold (Lair:2)
  2 hydras (Lair:1 Lair:3)
  Erica (Lair:1)
  A two-headed ogre (D:10)
  A death yak (Lair:3)
  2 skeletal warriors (Volcano)
  A black mamba (Lair:3)
  4 elephants (Lair:1)
  Joseph (D:8)
  Psyche (D:10)
  A torpor snail (Lair:2)
  3 gargoyles (Volcano)
  2 spiny frogs (Lair:3)
  3 komodo dragons (D:9 Lair:1 Lair:3)
  3 polar bears (Lair:2)
  2 trolls (D:9)
  A queen bee (Lair:2)
  Grinder (D:6)
  4 blink frogs (Lair:3)
  6 hippogriffs (D:8 D:10 Lair:2 Lair:3)
  2 alligator skeletons (Volcano)
  Sigmund (D:6)
  2 flying skulls (Volcano)
  10 yaks (D:9 Lair:2)
  2 basilisks (D:10 Lair:1)
  Eustachio (D:4)
  A hungry ghost (D:10)
  A warg (D:10)
  A two-headed ogre zombie (D:10)
  Edmund (D:6)
  4 water moccasins (D:9 Lair:1 Lair:3)
  9 porcupines (Lair:1 Lair:2 Lair:3)
  Duvessa (D:5)
  A swamp drake (D:10)
  4 orc warriors (D:7 D:8 D:9 D:10)
  10 ice beasts (D:8 D:10 Lair:4)
  A sky beast (D:6)
  A black bear (D:9)
  2 phantoms (D:7 D:10)
  7 ogres (D:5 D:6 D:7 D:8 Orc:1)
  6 wolves (Lair:2 Lair:1)
  3 centaurs (D:5 D:8 D:9)
  8 crocodiles (D:10 Lair:1 Lair:2 Lair:3)
  A big kobold (D:9)
  11 bullfrogs (D:6 D:8 D:9 D:10 Lair:2)
  Dowan (D:5)
  5 jellies (D:9 D:10)
  2 scorpions (D:6 D:9)
  A troll zombie (D:10)
  35 killer bees (D:7 D:8 D:9 Lair:2)
  3 electric eels (Lair:2)
  A troll skeleton (Volcano)
  3 howler monkeys (D:6 D:7)
  2 crimson imps (D:7 D:8)
  A centaur zombie (D:7)
  8 orc wizards (D:3 D:4 D:8 D:10)
  A hound (D:4)
  7 orc priests (D:6 D:7 D:8 D:9 D:10)
  Jessica (D:3)
  2 iguanas (D:5 D:10)
  5 worker ants (D:4 D:5 D:6 D:9)
  6 ogre zombies (D:10)
  The ghost of Esekla the Conjurer, a weakling FoCj (D:3)
  2 naga skeletons (Volcano)
  A hound zombie (D:10)
  A howler monkey zombie (D:9)
  3 gnolls (D:10)
  12 adders (D:2 D:3 D:5 D:6 D:7)
  3 shadow imps (D:6 D:7)
  5 white imps (IceCv)
  5 ufetubi (IceCv)
  6 oozes (D:6 D:10)
  2 adder zombies (D:5 D:8)
  An adder skeleton (D:4)
  4 worms (D:2 D:4 D:5 D:6)
  9 leopard geckos (D:2 D:3 D:4 D:5 D:9)
  25 orcs (D:3 D:4 D:5 D:7 D:8)
  A ball python (D:1)
  8 giant cockroaches (D:1 D:2 D:5 D:6 D:8)
  4 hobgoblins (D:2 D:3)
  7 jackals (D:1 D:8)
  5 quokkas (D:2 D:3 D:4 D:5 D:7)
  A ball python skeleton (D:4)
  7 bats (D:1 D:3)
  5 frilled lizards (D:1 D:2 D:3 D:4 D:5)
  A giant cockroach zombie (D:5)
  8 goblins (D:1 D:2 D:3)
  A goblin skeleton (D:10)
  2 goblin zombies (D:10)
  A hobgoblin skeleton (D:10)
  3 hobgoblin zombies (D:10)
  15 kobolds (D:1 D:2 D:9)
  2 leopard gecko skeletons (D:5 D:6)
  An orc skeleton (D:10)
  17 orc zombies (D:10)
  6 rats (D:1 D:2 D:3)
  A fungus (Lair:3)
  A plant (Lair:2)
394 creatures vanquished.

Vanquished Creatures (collateral kills)
  A two-headed ogre (D:9)
  A bullfrog (D:9)
  A jelly (D:9)
  2 killer bees (D:9)
5 creatures vanquished.

Vanquished Creatures (others)
  A flying skull (Volcano)
  3 white imps (IceCv)
  3 ufetubi (IceCv)
  A fungus (Lair:3)
  7 plants (Lair:2 Lair:3)
15 creatures vanquished.

Grand Total: 414 creatures vanquished

Notes
Turn   | Place    | Note
-------+----------+-------------------------------------------
     0 | D:1      | Monsterracer the Deep Dwarf Fighter began the quest for the
                  | Orb.
     0 | D:1      | Reached XP level 1. HP: 20/20 MP: 1/1
   217 | D:1      | Reached XP level 2. HP: 27/27 MP: 2/2
  1078 | D:2      | Reached skill level 3 in Axes
  1078 | D:2      | Reached XP level 3. HP: 32/34 MP: 3/3
  1144 | D:2      | Found a burning altar of Makhleb.
  1144 | D:2      | Noticed a blizzard demon
  1148 | D:2      | Noticed an orange demon
  1148 | D:2      | Noticed a hellwing
  1150 | D:2      | Became a worshipper of Makhleb the Destroyer
  1730 | D:3      | Noticed Jessica
  1732 | D:3      | Killed Jessica
  1732 | D:3      | Reached skill level 1 in Invocations
  1732 | D:3      | Reached XP level 4. HP: 37/42 MP: 4/4
  1840 | D:3      | Found a white marble altar of Elyvilon.
  2026 | D:3      | Reached * piety under Makhleb
  2044 | D:3      | Reached XP level 5. HP: 27/49 MP: 0/6
  2052 | D:3      | Found a runed translucent door.
  2055 | D:3      | Noticed Esekla's ghost (weakling FoCj)
  2326 | D:3      | Reached skill level 4 in Axes
  2328 | D:3      | Killed Esekla's ghost
  2662 | D:4      | Found a staircase to the Ecumenical Temple.
  2686 | D:4      | Reached XP level 6. HP: 36/56 MP: 0/7
  2766 | D:4      | Found a shimmering blue altar of Sif Muna.
  3140 | D:4      | Noticed Eustachio
  3218 | D:4      | Killed Eustachio
  3415 | D:5      | Entered Level 5 of the Dungeon
  3517 | D:5      | HP: 27/57 [ogre/+0 giant club (7)]
  3518 | D:5      | Reached skill level 5 in Axes
  3518 | D:5      | Reached XP level 7. HP: 30/63 MP: 0/8
  3751 | D:5      | Found Toreggif's Book Shop.
  3986 | D:5      | Found a white marble altar of Elyvilon.
  4304 | D:5      | Noticed Dowan
  4304 | D:5      | Noticed Duvessa
  4319 | D:5      | Killed Duvessa
  4319 | D:5      | Reached skill level 5 in Shields
  4331 | D:5      | Killed Dowan
  4331 | D:5      | Reached skill level 5 in Armour
  4339 | D:5      | Reached ** piety under Makhleb
  4544 | D:6      | Reached skill level 6 in Axes
  4557 | D:6      | Noticed Sigmund
  4570 | D:6      | Killed Sigmund
  4570 | D:6      | Reached XP level 8. HP: 44/73 MP: 0/10
  4718 | D:6      | Noticed Grinder
  4730 | D:6      | Killed Grinder
  4730 | D:6      | Reached skill level 7 in Axes
  4730 | D:6      | Reached skill level 5 in Invocations
  4833 | D:6      | Found a hide-covered altar of Uskayaw.
  4845 | D:6      | HP: 36/73 [bullfrog (4)]
  4879 | D:6      | Noticed Edmund
  4898 | D:6      | Killed Edmund
  4898 | D:6      | Reached skill level 5 in Fighting
  5203 | D:7      | HP: 35/74 [killer bee (3)]
  5208 | D:7      | HP: 23/74 [poisoned by a killer bee]
  5218 | D:7      | HP: 36/74 [poisoned by a killer bee]
  5230 | D:7      | HP: 34/74 [killer bee (5)]
  5237 | D:7      | HP: 35/74 [poisoned by a killer bee]
  5241 | D:7      | Gained mutation: You passively map the area around you.
                  | [Deep Dwarf growth]
  5241 | D:7      | Reached XP level 9. HP: 28/81 MP: 0/12
  5242 | D:7      | HP: 23/81 [poisoned by a killer bee]
  5255 | D:7      | HP: 15/81 [killer bee (4)]
  5265 | D:7      | HP: 38/81 [poisoned by a killer bee]
  5288 | D:7      | Reached skill level 8 in Axes
  5678 | D:7      | Reached *** piety under Makhleb
  6702 | D:8      | Reached skill level 9 in Axes
  6748 | D:8      | Noticed Joseph
  6766 | D:8      | Killed Joseph
  6835 | D:8      | HP: 37/82 [ogre/+0 giant spiked club (17)]
  6969 | D:9      | Found an opulent altar of Gozag.
  6981 | D:9      | Reached XP level 10. HP: 57/91 MP: 0/14
  7013 | D:9      | Found a shattered altar of Ashenzari.
  7025 | D:9      | HP: 31/91 [orc warrior/+2 halberd of chopping (15)]
  7032 | D:9      | HP: 44/91 [orc warrior/+2 halberd of chopping (2)]
  7112 | D:9      | HP: 39/91 [yak (4)]
  7117 | D:9      | HP: 36/91 [yak (1)]
  7122 | D:9      | HP: 27/91 [bullfrog (4)]
  7128 | D:9      | HP: 23/91 [yak (4)]
  7138 | D:9      | HP: 41/91 [yak (7)]
  7146 | D:9      | HP: 42/91 [yak (6)]
  7264 | D:9      | HP: 45/91 [troll (1)]
  7266 | D:9      | Reached skill level 10 in Axes
  7283 | D:9      | Noticed a two-headed ogre
  7288 | D:9      | Reached **** piety under Makhleb
  7299 | D:9      | Killed a two-headed ogre
  7551 | D:9      | HP: 37/92 [komodo dragon (18)]
  7560 | D:9      | HP: 41/92 [komodo dragon (14)]
  7563 | D:9      | HP: 19/92 [komodo dragon (12)]
  7839 | D:10     | Entered Level 10 of the Dungeon
  7839 | D:10     | Noticed Psyche
  7868 | D:10     | Killed Psyche
  7929 | D:10     | Found a staircase to the Orcish Mines.
  8003 | D:10     | Reached ***** piety under Makhleb
  8021 | D:10     | Noticed a two-headed ogre
  8035 | D:10     | Killed a two-headed ogre
  8035 | D:10     | Reached skill level 11 in Axes
  8035 | D:10     | Reached XP level 11. HP: 92/100 MP: 0/14
  8248 | D:10     | Noticed Fannar
  8257 | D:10     | HP: 33/100 [Fannar/refrigeration (25)]
  8269 | D:10     | HP: 36/100 [Fannar/refrigeration (15)]
  8292 | D:10     | Killed Fannar
  8475 | D:10     | Found a staircase to the Lair.
  8606 | D:10     | Found a portal to a secret trove of treasure.
  8909 | Orc:1    | Entered Level 1 of the Orcish Mines
  8909 | Orc:1    | Noticed an orc warlord
  8910 | Orc:1    | Noticed an orc sorcerer
  8913 | Orc:1    | Noticed an orc knight
  8915 | Orc:1    | Noticed an orc sorcerer
  9016 | Lair:1   | Entered Level 1 of the Lair of Beasts
  9042 | Lair:1   | HP: 48/100 [elephant (9)]
  9087 | Lair:1   | HP: 49/100 [komodo dragon (17)]
  9092 | Lair:1   | HP: 41/100 [komodo dragon (5)]
  9173 | Lair:1   | Noticed Erica
  9183 | Lair:1   | Killed Erica
  9183 | Lair:1   | Reached skill level 12 in Axes
  9207 | Lair:1   | Noticed a six-headed hydra
  9223 | Lair:1   | HP: 49/100 [seven-headed hydra (9)]
  9225 | Lair:1   | Killed a seven-headed hydra
  9250 | Lair:1   | Reached skill level 10 in Invocations
  9282 | Lair:2   | Noticed Harold
  9319 | Lair:2   | Killed Harold
  9326 | Lair:2   | HP: 50/102 [torpor snail (9)]
  9331 | Lair:2   | HP: 39/103 [yak[a torpor snail] (1)]
  9383 | Lair:2   | Reached XP level 12. HP: 75/110 MP: 0/15
  9563 | Lair:2   | Noticed an eight-headed hydra
  9564 | Lair:2   | Found a transporter.
  9575 | Lair:2   | Noticed Qucvyi Areg's ghost (journeyman DrTm)
  9578 | Lair:2   | Found a transporter.
  9780 | Lair:2   | Found a dark tunnel.
  9801 | Volcano  | Entered a volcano
  9916 | Volcano  | HP: 50/110 [skeletal warrior/+2 great sword of flaming (7)]
  9922 | Volcano  | HP: 36/110 [skeletal warrior/+2 great sword of flaming
                  | (14)]
  9928 | Volcano  | HP: 45/110 [skeletal warrior/+2 great sword of flaming
                  | (12)]
 10014 | Volcano  | HP: 49/110 [skeletal warrior/+0 halberd of flaming (7)]
 10020 | Volcano  | HP: 45/110 [skeletal warrior/+0 halberd of flaming (4)]
 10222 | Lair:2   | Reached skill level 13 in Axes
 10224 | Lair:2   | Reached skill level 10 in Shields
 10759 | Lair:2   | Reached skill level 10 in Armour
 10865 | Lair:2   | Found a staircase to the Swamp.
 11123 | Lair:3   | HP: 56/112 [blink frog (2)]
 11145 | Lair:3   | Noticed a six-headed hydra
 11155 | Lair:3   | Killed a six-headed hydra
 11477 | Lair:3   | Reached ****** piety under Makhleb
 11543 | Lair:3   | Noticed a death yak
 11602 | Lair:3   | Killed a death yak
 11888 | Lair:4   | Found a frozen archway.
 11915 | IceCv    | Entered an ice cave
 11952 | IceCv    | HP: 45/112 [ice statue] (13)]
 11956 | IceCv    | HP: 20/112 [ice statue/freezing blast (25)]
 11957 | IceCv    | Engulfed by an ice statue's freezing vapour

Levels and vault maps discovered:
D:1:      sevenhm_arrival_forest_fort_large_2, layout_basic, serial_forest,
          infiniplex_forest_straight_2, infiniplex_forest_split,
          infiniplex_forest_clump_double, infiniplex_forest_lined_2,
          infiniplex_forest_straight_3, infiniplex_forest_straight_2,
          infiniplex_forest_lined_room_3, infiniplex_forest_diagonal,
          infiniplex_forest_clump_C, minmay_misc_feat_square,
          serial_bayou_lagoon_a
D:2:      layout_loops_ring, makhleb_altar_promises_db
D:3:      layout_loops_ring, elyvilon_altar_5, ebering_ghost_sewer_d,
          uniq_jessica
D:4:      layout_basic, kennysheep_mini_moat, minmay_temple_entry_junction,
          first_ration, uniq_eustachio
D:5:      layout_basic, basic_altar, serial_shops, shop, uniq_duvessa
D:6:      layout_cave_pools, eat_drink_and_be_merry_uskayaw,
          minmay_misc_feat_diagonals, st_stairs_9, uniq_edmund, uniq_grinder,
          uniq_sigmund
D:7:      layout_layer_cave
D:8:      layout_basic, uniq_joseph
D:9:      kennysheep_six_static_rooms, layout_basic, old_standard_altar,
          old_standard_altar
D:10:     layout_rooms, erik_lair_dragon, zombieorc2_lemuel,
          nicolae_trove_entry_columns, hangedman_little_slice_of_home,
          minivault_19, uniq_fannar, uniq_psyche
Lair:1:   beast_lair_carwin_large_1, layout_regular_city,
          chequers_serial_rivers_marsh, guppyfry_lair_drakes, uniq_erica
Lair:2:   dpeg_oklob_shooting_range, layout_hall_layers,
          minmay_swamp_entry_eels, special_room [special_room_bee],
          gammafunk_ghost_arena, nicolae_volcano_entry_two_sided,
          cheibrodos_lair_lostbears, uniq_harold
Lair:3:   layout_chaotic_city, minmay_lair_oklob_chamber
Lair:4:   layout_cave_shapes, minmay_snake_entry_six_corridors,
          portal_ice_cave_entry_ice_beasts
Orc:1:    layout_caves, uniq_gastronok
IceCv:    ice_cave_small_demon

Skill      XL: |  1  2  3  4  5  6  7  8  9 10 11 12 |
---------------+-------------------------------------+-----
Fighting       | 3 4 5 6 7 8 |  8.8
Axes           | 3 4 5 6 7 9 11 12 13 | 13.8
Invocations    | 1 2 3 4 5 7 9 10 11 | 11.4
Armour         | 4 5 6 7 8 9 10 | 10.4
Shields        | 4 5 6 7 8 9 10 | 10.5

Action                   |  1- 3 |  4- 6 |  7- 9 | 10-12 || total
-------------------------+-------+-------+-------+-------++-------
Melee: War axe           |   129 |   180 |   530 |   961 ||  1800
       Flail             |       |       |       |    18 ||    18
Invok: Lesser Servant of |       |       |       |     3 ||     3
       Minor Destruction |       |       |       |     2 ||     2
 Abil: Heal Wounds       |       |     2 |    12 |    16 ||    30
  Use: Scroll            |     5 |     2 |    17 |     6 ||    30
       Potion            |       |       |     1 |       ||     1
 Stab: Confused          |       |       |       |     1 ||     1
  Eat: Chunk             |     3 |     3 |     8 |    16 ||    30
       Ration            |       |     1 |     1 |     2 ||     4
Armor: Scale mail        |    62 |       |       |       ||    62
       Chain mail        |    12 |   131 |   296 |     7 ||   446
       Plate armour      |       |       |   188 |   748 ||   936
Dodge: Dodged            |    47 |    94 |   212 |   372 ||   725
Block: Shield            |    96 |   121 |   454 |   746 ||  1417
